 Dungeon Crawl Stone Soup version 0.20.0-15-g7f486f2 (webtiles) character file.

217 grizmgrazm2 the Sneak (level 5, -3/36 HPs)
             Began as a Vampire Enchanter on June 15, 2017.
             Killed from afar by Ijyb (17 damage)
             ... with a wand of lightning (?/15)
             ... on level 3 of the Dungeon.
             The game lasted 00:07:21 (3865 turns).

grizmgrazm2 the Sneak (Vampire Enchanter)           Turns: 3865, Time: 00:07:22

Health: -3/36      AC:  4    Str:  7    XL:     5   Next: 62%
Magic:  7/9        EV: 13    Int: 19    God:
Gold:   138        SH:  0    Dex: 14    Spells: 3/9 levels left

rFire    . . .     SeeInvis +   a - +1 dagger
rCold    + . .     Gourm    .   (no shield)
rNeg     + + .     Faith    .   b - +0 robe
rPois    +         Spirit   .   (no helmet)
rElec    .         Reflect  .   (no cloak)
rCorr    .         Harm     .   (no gloves)
MR       .....                  g - +1 pair of boots
Stlth    ++++......             (no amulet)
Regen    0.1/turn               (no ring)
MPRegen  0.2/turn               (no ring)

@: regenerating slowly
A: fangs 3, see invisible, unbreathing
a: Bat Form


You were on level 3 of the Dungeon.
You were near bloodless.

You visited 1 branch of the dungeon, and saw 3 of its levels.

You collected 138 gold pieces.

Inventory:

Hand Weapons
 a - a +1 dagger (weapon)
Armour
 b - a +0 robe (worn)
 g - a +1 pair of boots (worn)
Scrolls
 e - a scroll of recharging
 i - a scroll of enchant weapon {unknown}
 j - a scroll of identify {unknown}
Potions
 d - 9 potions of blood
 f - 4 potions of curing
Books
 c - a book of Maledictions

   Spells                             Type                      Level
   a - Corona                         Hexes                        1
   b - Ensorcelled Hibernation        Hexes/Ice                    2
   c - Confuse                        Hexes                        3
   d - Tukima's Dance                 Hexes                        3
   e - Dazzling Spray                 Conjuration/Hexes            3


   Skills:
 + Level 0.3 Fighting
 + Level 1.4 Short Blades
 + Level 2.9 Dodging
 + Level 7.1 Stealth
 + Level 2.7 Spellcasting
 + Level 5.7 Hexes
 + Level 1.3 Ice Magic


You had 3 spell levels left.
You knew the following spells:

 Your Spells              Type           Power        Failure   Level  Hunger
a - Ensorcelled Hibernat  Hex/Ice        ###...       5%          2    ##.....
b - Confuse               Hex            ###.....     4%          3    ###....
c - Corona                Hex            ###....      1%          1    None


Dungeon Overview and Level Annotations

Branches:
Dungeon (3/15)

Altars:

Annotations:
D:3 Ijyb


Innate Abilities, Weirdness & Mutations

You heal slowly.
You have razor-sharp teeth.
You have supernaturally acute eyesight. (SInv)
You can survive without breathing.


Message History

Your +1 pair of boots unmelds from your body.
Your +0 robe unmelds from your body.
You start resting.
Magic restored.
You start resting.
You are feeling very thirsty.
You start resting.
You feel almost devoid of blood!
You climb downwards.
Level annotation: Ijyb Ijyb barely misses you.
Ijyb zaps a wand.
The bolt of lightning hits you!
There is a stone staircase leading up here.
Casting: Ensorcelled Hibernation
Confirm with . or Enter, or press ? or * to list all spells.
Aiming: Ensorcelled Hibernation
Press: ? - help, Shift-Dir - straight line, f - Ijyb
Aim: Ijyb, wielding a club, wearing a glowing chain mail and carrying a wand of lightning (?/15) {zapped: 5} (chance to defeat MR: 55%) Ijyb resists with almost no effort.
Ijyb zaps a wand.
The bolt of lightning hits you!
You die...

. ....... ###..#
#...... ##...## #......
#..###
#......########.######
#........g)...(........
#......####.....######.
.......#............
#......#.##.g#######
#.#..... #.@## .
###..###.## .........#
..####..## ....?.รท..#
(###.....####
#.###.)..# #. ###..(# .
##...#


You could see Ijyb.

Vanquished Creatures
  The ghost of blackwizard the Digger, a weakling TrEE of Sif Muna (D:3)
  2 orc wizards (D:3)
  4 gnolls (D:2)
  3 adders
  An ooze (D:2)
  A dart slug (D:2)
  2 leopard geckos (D:3)
  2 orcs (D:3)
  6 bats
  2 giant cockroaches
  2 goblins
  5 hobgoblins (D:1)
  A quokka (D:2)
  5 frilled lizards
  6 kobolds
  7 rats
50 creatures vanquished.

Notes
Turn   | Place    | Note
-------+----------+-------------------------------------------
     0 | D:1      | grizmgrazm2 the Vampire Enchanter began the quest for the Orb.
     0 | D:1      | Reached XP level 1. HP: 13/13 MP: 3/3
   263 | D:1      | Reached XP level 2. HP: 16/19 MP: 3/5
   278 | D:1      | Reached skill level 5 in Stealth
   503 | D:1      | Learned a level 2 spell: Ensorcelled Hibernation
  1419 | D:2      | Reached XP level 3. HP: 8/24 MP: 0/6
  1424 | D:2      | Learned a level 3 spell: Confuse
  2027 | D:2      | Reached skill level 5 in Hexes
  2033 | D:2      | Reached XP level 4. HP: 28/31 MP: 4/7
  2264 | D:3      | Noticed blackwizard's ghost (weakling TrEE)
  2287 | D:2      | Reached skill level 6 in Stealth
  2481 | D:3      | Killed blackwizard's ghost
  2604 | D:3      | Reached XP level 5. HP: 14/36 MP: 5/8
  2766 | D:3      | Reached skill level 1 in Ice Magic
  2773 | D:3      | Reached skill level 7 in Stealth
  2862 | D:3      | Noticed Ijyb
  3865 | D:3      | Killed from afar by Ijyb

Skill      XL: |  1  2  3  4  5 |
---------------+----------------+-----
Stealth        | 5 6 7 |  7.1
Hexes          | 5 |  5.7
Ice Magic      | 1 |  1.3
Fighting       | |  0.3
Short Blades   | |  1.4
Dodging        | |  2.9
Spellcasting   | |  2.7

Action                   |  1- 3 |  4- 6 || total
-------------------------+-------+-------++-------
Melee: Dagger            |   104 |    67 ||   171
       Bite              |     6 |     5 ||    11
 Cast: Corona            |    12 |       ||    12
       Ensorcelled Hiber |    15 |    19 ||    34
       Confuse           |       |    10 ||    10
 Abil: End Transformatio |       |     2 ||     2
       Bat Form          |       |     2 ||     2
  Use: Scroll            |     2 |     1 ||     3
       Potion            |     1 |       ||     1
 Stab: Sleeping          |    14 |    12 ||    26
       Confused          |       |     3 ||     3
  Eat: Corpse            |     1 |     3 ||     4
Armor: Robe              |    23 |    13 ||    36
Dodge: Dodged            |    82 |    52 ||   134
